 Dungeon Crawl Stone Soup version 0.22.1-1-ga44c0e56f4 (webtiles) character file.

53 Blejac999 the Ruffian (level 3, 0/33 HPs)
             Began as a Ghoul Monk on Sept 21, 2018.
             Killed by divine providence
             ... invoked by an orc priest
              (8 damage)
             ... on level 2 of the Dungeon.
             The game lasted 00:02:19 (1306 turns).

Blejac999 the Ruffian (Ghoul Monk)                  Turns: 1306, Time: 00:02:21

Health: 0/33       AC:  3    Str: 14 (15) XL:     3   Next: 87%
Magic:  2/2        EV: 12    Int:  3 (5)  God:
Gold:   72         SH:  0    Dex: 10 (11) Spells: 2/2 levels left

rFire    . . .     SeeInvis .     - Unarmed
rCold    + . .     Gourm    .   (no shield)
rNeg     + + +     Faith    .   j - +0 leather armour
rPois    ∞         Spirit   .   (no helmet)
rElec    .         Reflect  .   (no cloak)
rCorr    .         Harm     .   (no gloves)
MR       .....                  (no boots)
Stlth    ++........             (no amulet)
HPRegen  0.00/turn              (no ring)
MPRegen  0.08/turn              (no ring)

@: rotting
A: rotting body, claws 1, carnivore, cold resistance 1, negative energy
resistance 3, inhibited regeneration, torment resistance, unbreathing
a: no special abilities


You were on level 2 of the Dungeon.
You were not hungry.

You visited 1 branch of the dungeon, and saw 2 of its levels.

You collected 72 gold pieces.

Inventory:

Armour
 j - a +0 leather armour (worn)
Jewellery
 e - an uncursed ring of protection from fire {unknown}
 g - an uncursed ring of fire {unknown}
Scrolls
 a - 2 scrolls of remove curse {unknown}
 d - 2 scrolls of identify {unknown}
 f - 2 scrolls of fear {unknown}
 h - a scroll of amnesia {unknown}
 l - a scroll of immolation {unknown}
 n - a scroll of blinking {unknown}
Potions
 i - a potion of invisibility {unknown}
Comestibles
 b - 6 rations
 k - a chunk of flesh


   Skills:
 + Level 3.8 Fighting
 + Level 3.2 Dodging
 + Level 2.4 Stealth
 + Level 4.1 Unarmed Combat


You had 2 spell levels left.
You didn't know any spells.
Your spell library was empty.

Dungeon Overview and Level Annotations

Branches:
Dungeon (2/15)

Altars:
Ashenzari


Innate Abilities, Weirdness & Mutations

Your body is rotting away.
You thrive on raw meat.
You are immune to poison.
You have sharp fingernails.
You are carnivorous and can eat meat at any time.
Your flesh is cold resistant. (rC+)
You are immune to negative energy. (rN+++)
You do not regenerate when monsters are visible.
You are immune to unholy pain and torment.
You can survive without breathing.


Message History

The orc priest is heavily wounded.
The orc priest invokes the aid of Beogh against you.
Beogh smites you! The orc hits you but does no damage.
You barely miss the orc priest.
The orc priest is heavily wounded.
The orc priest barely misses you.
It was a potion of mutation.
You feel extremely strange.
Your body decomposes!
You feel clumsy.
Your body decomposes!
You feel dopey.
Your body decomposes!
You feel weakened.
Your body decomposes!
You feel dopey. The orc hits you with a club.
* * * LOW HITPOINT WARNING * * *
The orc priest mumbles some strange prayers to Beogh against you.
Beogh smites you!
You die...

#......)..###)...##.....
####.....).(.######....>...
#..........................
...#............#######.....
######.###...........#
#..... .......#
#.........#.# #.....
#...#..###.........#.#
###### .............#.o####
# .........##.###o@.##
........# #o# ###..#.
#...#..# #.######....
.....o.## #.............
######..###.............
.......oo.o.............
.....(.####.............
.......# #.........#.[#
......## #.........##.#####


You could see an orc priest and an orc.

Vanquished Creatures
  An adder (D:2)
  A worm (D:2)
  2 leopard geckos (D:1)
  2 orcs (D:2)
  2 giant cockroaches
  4 goblins
  8 hobgoblins
  4 kobolds
  A ball python (D:1)
  2 bats (D:1)
  A frilled lizard (D:1)
  9 rats
37 creatures vanquished.

Notes
Turn   | Place    | Note
-------+----------+-------------------------------------------
     0 | D:1      | Blejac999 the Ghoul Monk began the quest for the Orb.
     0 | D:1      | Reached XP level 1. HP: 19/19 MP: 0/0
   245 | D:1      | Reached XP level 2. HP: 26/26 MP: 1/1
   310 | D:1      | Found a shattered altar of Ashenzari.
   644 | D:1      | Reached XP level 3. HP: 10/33 MP: 2/2
  1214 | D:2      | Reached skill level 4 in Unarmed Combat
  1306 | D:2      | Killed from afar by an orc priest

Skill      XL: |  1  2  3 |
---------------+----------+-----
Dodging        | 3 |  3.2
Unarmed Combat | 4 |  4.1
Fighting       | |  3.8
Stealth        | |  2.4

Action                   || total
-------------------------++-------
Melee: Unarmed           ||   105
       Punch             ||     2
  Use: Potion            ||     4
 Stab: Sleeping          ||     1
  Eat: Chunk             ||     2
Armor: Robe              ||    10
       Leather armour    ||     6
Dodge: Dodged            ||    62
